 Dungeon Crawl Stone Soup version 0.21.1-1-g345015fe64 (webtiles) character file.

175 Oravi the Chopper (level 5, -2/47 HPs)
             Began as a Hill Orc Fighter on Mar 28, 2018.
             Was a Follower of Fedhas.
             Killed by nerve-wracking pain
             ... invoked by Menkaure
              (9 damage)
             ... on level 4 of the Dungeon.
             The game lasted 00:14:03 (2815 turns).

Oravi the Chopper (Hill Orc Fighter)                Turns: 2815, Time: 00:14:03

Health: -2/47      AC:  8    Str: 20    XL:     5   Next: 55%
Magic:  5/5        EV:  8    Int:  8    God:    Fedhas [*.....]
Gold:   199        SH:  9    Dex: 10    Spells: 4/4 levels left

rFire    . . .     SeeInvis +   a - +0 war axe
rCold    . . .     Gourm    +   c - +0 shield
rNeg     . . .     Faith    .   n - +1 ring mail {rPois}
rPois    +         Spirit   .   l - +0 helmet
rElec    .         Reflect  .   (no cloak)
rCorr    .         Harm     .   (no gloves)
MR       .....                  (no boots)
Stlth    ..........             m - amulet of the gourmand
HPRegen  0.15/turn              h - ring of see invisible
MPRegen  0.09/turn              (no ring)

@: flying, very slightly contaminated, invisible
A: no striking features
a: Fungal Bloom, Evolution, Renounce Religion


You were on level 4 of the Dungeon.
You worshipped Fedhas.
Fedhas was aware of your devotion.
You were not hungry.

You visited 1 branch of the dungeon, and saw 4 of its levels.

You collected 199 gold pieces.

Inventory:

Hand Weapons
 a - a +0 war axe (weapon)
Armour
 c - a +0 shield (worn)
 l - a +0 helmet (worn)
 n - a +1 ring mail of poison resistance (worn)
Jewellery
 h - a ring of see invisible (left hand)
 m - an amulet of the gourmand (around neck)
Scrolls
 j - 2 scrolls of teleportation {unknown}
Books
 d - a book of Maledictions

   Spells                             Type                      Level
   a - Corona                         Hexes                        1
   b - Ensorcelled Hibernation        Hexes/Ice                    2
   c - Confuse                        Hexes                        3
   d - Tukima's Dance                 Hexes                        3
   e - Dazzling Spray                 Conjuration/Hexes            3
Comestibles
 f - 8 rations


   Skills:
 + Level 4.4 Fighting
 + Level 5.3 Axes
 + Level 4.0 Armour
 + Level 4.2 Shields


You had 4 spell levels left.
You didn't know any spells.

Dungeon Overview and Level Annotations

Branches:
Dungeon (4/15)
 Temple: D:4-7

Altars:
Fedhas
Kikubaaqudgha
Ru
Wu Jian
Yredelemnul

Annotations:
D:3 coier's ghost, amateur GnWr
D:4 Menkaure


Message History

It was a potion of invisibility.
You fade into invisibility!
Menkaure hits you.
You are very lightly contaminated with residual magic.
It was a potion of magic.
Magic courses through your body.
Menkaure calls on the powers of darkness!
Your body is wracked with pain!
* * * LOW HITPOINT WARNING * * *
Blink to where?
Press: ? - help, Dir - move target cursor
As you read the scroll labeled SAZUFI VUCO, it crumbles to dust.
It was a scroll of blinking.
Menkaure calls on the powers of darkness!
Your body is wracked with pain!
* * * LOW HITPOINT WARNING * * *
You see here a +0 scale mail.
Menkaure casts a spell at you. Pain shoots through your body!
You die...
Fedhas appreciates your contribution to the ecosystem.

#.# #.#
#.# #M#
#.# #.#
#.#
########.#
#.@....M.#
#.########
#....#
####.# #.#
#.# #.#
#.# #.#


You could see Menkaure.

Vanquished Creatures
  Crazy Yiuf (D:3)
  A worker ant (D:4)
  Robin (D:3)
  2 adders
  3 oozes
  A worm (D:3)
  2 dart slugs (D:1)
  3 leopard geckos
  4 orcs
  3 giant cockroaches
  10 goblins
  5 hobgoblins
  3 jackals (D:3)
  10 kobolds
  2 quokkas (D:3)
  9 bats
  3 frilled lizards
  5 rats
68 creatures vanquished.

Notes
Turn   | Place    | Note
-------+----------+-------------------------------------------
     0 | D:1      | Oravi the Hill Orc Fighter began the quest for the Orb.
     0 | D:1      | Reached XP level 1. HP: 19/19 MP: 1/1
    90 | D:1      | Reached XP level 2. HP: 17/27 MP: 2/2
   317 | D:1      | Reached skill level 3 in Axes
   430 | D:1      | Reached XP level 3. HP: 32/33 MP: 3/3
   770 | D:2      | Found an ornate altar of the Wu Jian Council.
   810 | D:2      | Found a basalt altar of Yredelemnul.
   986 | D:2      | Reached XP level 4. HP: 38/40 MP: 4/4
  1173 | D:2      | Reached skill level 4 in Axes
  1430 | D:3      | Noticed Robin
  1437 | D:3      | Killed Robin
  1528 | D:3      | Noticed coier's ghost (amateur GnWr)
  1717 | D:3      | Found an ancient bone altar of Kikubaaqudgha.
  2173 | D:3      | Found a runed door.
  2177 | D:3      | Noticed Crazy Yiuf
  2182 | D:3      | Killed Crazy Yiuf
  2182 | D:3      | Reached skill level 5 in Axes
  2182 | D:3      | Reached XP level 5. HP: 36/47 MP: 5/5
  2225 | D:3      | Found a sacrificial altar of Ru.
  2653 | D:3      | Found a faded altar of an unknown god.
  2658 | D:3      | Became a worshipper of Fedhas Madash
  2658 | D:3      | Reached * piety under Fedhas
  2789 | D:4      | Noticed Menkaure
  2815 | D:4      | Killed from afar by Menkaure

Skill      XL: |  1  2  3  4  5 |
---------------+----------------+-----
Fighting       | 4 |  4.4
Axes           | 3 5 |  5.3
Shields        | 4 |  4.2
Armour         | 4 |  4.0

Action                   |  1- 3 |  4- 6 || total
-------------------------+-------+-------++-------
Melee: War axe           |   102 |    83 ||   185
  Use: Potion            |       |     5 ||     5
       Scroll            |       |     1 ||     1
  Eat: Chunk             |       |     3 ||     3
       Ration            |       |     1 ||     1
Armor: Scale mail        |    46 |    50 ||    96
Dodge: Dodged            |    26 |    31 ||    57
Block: Shield            |    46 |    52 ||    98
